 Dungeon Crawl Stone Soup version 0.30-a0-219-gf2db51d15e (webtiles) character file.

Game seed: 9901882458820303107

51 Decritt the Grasshopper (level 3, -1/18 HPs)
             Began as a Spriggan Warper on Oct 7, 2022.
             Slain by an orc
             ... wielding a +0 mace
              (4 damage)
             ... on level 3 of the Dungeon.
             The game lasted 00:07:05 (2083 turns).

Decritt the Grasshopper (Spriggan Warper)           Turns: 2083, Time: 00:07:05

Health: -1/18      AC:  3    Str:  7    XL:     3   Next: 58%
Magic:  8/8        EV: 18    Int: 14    God:
Gold:   118        SH:  0    Dex: 16    Spells: 8/8 levels left

rFire   . . .      SeeInvis +    a - +0 short sword
rCold   . . .      Faith    .    (no shield)
rNeg    . . .      Spirit   .    b - +1 robe
rPois   .          Reflect  .    (helmet restricted)
rElec   .          Harm     .    (no cloak)
rCorr   .          Rampage  .    (gloves unavailable)
Will    +....                    (boots unavailable)
Stlth   ++........               (no amulet)
HPRegen 0.23/turn                f - ring of willpower
MPRegen 0.11/turn                (no ring)

@: very quick
A: very small, no large weapons, unfitting armour, see invisible, speed 3
a: no special abilities


You were on level 3 of the Dungeon.
You visited 1 branch of the dungeon, and saw 3 of its levels.

You collected 118 gold pieces.

Inventory:

Hand Weapons
 a - a +0 short sword (weapon)
Missiles
 d - 6 boomerangs of dispersal
Armour
 b - a +1 robe (worn)
Jewellery
 f - a ring of willpower (left hand)
Scrolls
 g - a scroll of amnesia {unknown}
Potions
 h - a potion of magic
 l - a potion of flight


   Skills:
 + Level 1.9 Fighting
 + Level 2.4 Short Blades
 - Level 1.0 Throwing
 + Level 3.6 Dodging
 * Level 2.8 Stealth
 + Level 3.2 Spellcasting
 + Level 4.8 Translocations


You had 8 spell levels left.
You didn't know any spells.
Your spell library contained the following spells:

 Spells                   Type           Power      Damage    Failure   Level
 Blink                    Tloc           30%        N/A       4%          2
 Lesser Beckoning         Tloc           30%        N/A       9%          3
 Teleport Other           Tloc           15%        N/A       9%          3
 Necrotise                Necr           8%         1d4       22%         1
 Vhi's Electric Charge    Tloc/Air       16%        N/A       24%         3
 Manifold Assault         Tloc           15%        N/A       28%         4
 Vampiric Draining        Necr           2%         2d6       54%         3
 Olgreb's Toxic Radiance  Pois           2%         N/A       91%         4
 Agony                    Necr           2%         N/A       99%         5
 Arcjolt                  Conj/Air       1%         1d11      99%         5
 Ozocubu's Refrigeration  Ice            1%         4d7       100%        7
 Ignition                 Fire           1%         3d3       100%        8
 Maxwell's Capacitive Co  Air            1%         ∞         100%        8


Dungeon Overview and Level Annotations

Branches:
Dungeon (3/15)

Altars:

Annotations:
D:3 Robin, Terence


Innate Abilities, Weirdness & Mutations

You are very small and have problems with some larger weapons.
You are too small for most types of armour.
You have supernaturally acute eyesight. (SInv)
You cover ground extremely quickly. (Speed+++)


Message History

* * * LOW HITPOINT WARNING * * *
The jackal completely misses you.
Okay, then.
You feel better. The orc hits you with a +0 mace.
The jackal closely misses you.
You hit the orc.
The orc is severely wounded.
The jackal barely misses you. The orc closely misses you.
You closely miss the orc.
The orc is severely wounded.
The jackal barely misses you. The orc hits you with a +0 mace!
* * * LOW HITPOINT WARNING * * *
You hit the orc but do no damage.
The orc is severely wounded.
The jackal misses you. The orc misses you. The jackal closely misses you.
You hit the orc but do no damage.
The orc is severely wounded.
The jackal barely misses you. The orc closely misses you.
You completely miss the orc.
The orc is severely wounded.
The jackal completely misses you. The orc completely misses you.
You hit the orc but do no damage.
The orc is severely wounded.
The jackal bites you.
* * * LOW HITPOINT WARNING * * *
Unknown command.
You feel better. The jackal barely misses you. The orc hits you with a +0 mace.
* * * LOW HITPOINT WARNING * * *
The jackal bites you but does no damage.
You closely miss the orc.
The orc is severely wounded.
The orc misses you. The jackal bites you.
* * * LOW HITPOINT WARNING * * *
You hit the orc but do no damage.
The orc is severely wounded.
The jackal misses you. The orc barely misses you.
You hit the orc but do no damage.
The orc is severely wounded.
The jackal misses you. The orc hits you with a +0 mace.
You die...

## ##########
.....####...<....#
.................#
.....###.........#
##.....#########..
........KShh@ol.....
#.......##########.#
#.......# #.......#
........# ........#
##....... . .


You could see an orc, 2 jackals, a ball python, a kobold and a frilled lizard.

Vanquished Creatures
  A worm (D:3)
  2 dart slugs (D:2)
  5 endoplasms
  A giant cockroach (D:2)
  7 goblins
  5 hobgoblins
  A jackal (D:2)
  A kobold (D:2)
  6 ball pythons
  3 bats
  4 frilled lizards
  3 rats
39 creatures vanquished.

Notes
Turn   | Place    | Note
-------+----------+-------------------------------------------
     0 | D:1      | Decritt the Spriggan Warper began the quest for the Orb.
     0 | D:1      | Reached XP level 1. HP: 10/10 MP: 5/5
   331 | D:1      | Reached skill level 1 in Stealth
   760 | D:1      | Reached XP level 2. HP: 13/15 MP: 6/6
  1548 | D:2      | Reached XP level 3. HP: 12/18 MP: 8/8
  1862 | D:3      | Noticed Robin
  1903 | D:3      | Noticed Terence
  2083 | D:3      | Slain by an orc

Illustrated notes

Levels and vault maps discovered:
D:1:      psy_arrival_radial02, layout_basic
D:2:      layout_rooms, shapermc_ecumenical_altar_petra,
          minmay_indecisive_spiral
D:3:      layout_rooms, uniq_terence, uniq_robin

Skill      XL: |  1  2 |
---------------+-------+-----
Stealth        | 1 2 |  2.8
Spellcasting   | 3 |  3.2
Fighting       | |  1.9
Short Blades   | |  2.4
Throwing       | |  1.0
Dodging        | |  3.6
Translocations | |  4.8

Action                   || total
-------------------------++-------
Melee: Short sword       ||   239
       Punch             ||     3
Throw: Boomerang         ||     1
  Use: Scroll            ||     9
       Potion            ||     4
 Stab: Sleeping          ||     2
Armor: Robe              ||    38
Dodge: Dodged            ||   240

Table legend: (Time is in decaauts)
 A = Elapsed time spent in this place.
 B = Non-inter-level travel time spent in this place.
 C = Inter-level travel time spent in this place.
 D = Time resting spent in this place.
 E = Time spent auto-exploring this place.
 F = Levels seen in this place.
 G = Mean time per level.
                   A        B        C        D        E       F      G
               +--------+--------+--------+--------+--------+-----+--------+
         Total |   1501 |   1448 |     53 |    342 |    489 |   3 |  500.3 |
       Dungeon |   1501 |   1448 |     53 |    342 |    489 |   3 |  500.3 |
               +--------+--------+--------+--------+--------+-----+--------+

Top non-repeatable levels by time:
     D:1: 789 daAuts
     D:3: 376 daAuts
     D:2: 335 daAuts
